Map: [ESL] Curious Minds

Players

Astrea

  • Race: Protoss Protoss

Trap - Winner!

  • Race: Protoss Protoss

Event: IEM Katowice 2022

VOD

Have the link to the VOD?

Description

Time

  • Played on: Feb. 25, 2022, 9:56 a.m.
  • Length: 7:35

All games in this series

Show
View Real Time Build Order
Export as new Build Order

Astrea Protoss 

Build Orders: 1 Gate Expand 

Get SALT Encoding   

  12  0:00  Probe  
  13  0:12  Probe  
  14  0:21  Pylon  
  14  0:24  Probe  
  15  0:39  Probe (Chrono Boost)  
  15  0:40  Gateway  
  16  0:48  Probe (Chrono Boost), Assimilator  
  17  0:53  Probe (Chrono Boost)  
  19  1:15  Nexus  
  18  1:19  Probe  
  19  1:30  Cybernetics Core  
  19  1:31  Probe  
  20  1:43  Probe  
  20  1:44  Assimilator  
  21  1:48  Pylon  
  21  1:55  Probe  
  21  1:58  Stalker  
  22  2:04  Warp Gate (Chrono Boost)  
  22  2:08  Probe  
  25  2:18  Shield Battery  
  25  2:20  Probe  
  26  2:28  Stalker, Probe  
  29  2:32  Probe  
  30  2:40  Gateway  
  30  2:45  Probe  
  30  2:50  Gateway  
  31  2:58  Probe  
  31  3:01  Stalker  
  31  3:03  Probe  
  34  3:12  Probe  
  35  3:17  Probe  
  36  3:22  Gateway  
  36  3:24  Probe  
  35  3:29  Probe, Shield Battery  
  34  3:36  Probe  
  35  3:41  Probe  
  35  3:45  Stalker  
  35  3:47  Stalker  
  40  3:48  Probe  
  40  3:50  Sentry  
  40  3:53  Probe  
  44  3:57  Pylon  
  44  4:00  Probe  
  45  4:04  Robotics Facility, Phoenix  
  45  4:06  Probe  
  45  4:11  Shield Battery  
  45  4:12  Probe  
  45  4:16  Pylon  
  46  4:19  Probe  
  46  4:22  Assimilator  
  46  4:24  Adept x2  
  49  4:25  Probe  
  49  4:28  Shield Battery  
  52  4:33  Probe  
  52  4:37  Probe  
  54  4:39  Pylon  
  54  4:44  Stalker x2  
  58  4:45  Probe  
  58  4:46  Stalker  
  58  4:48  Shield Battery  
  58  4:52  Probe  
  62  4:55  Observer (Chrono Boost)  
  62  4:56  Pylon  
  61  5:01  Shield Battery  
  59  5:08  Nexus  
  61  5:15  Immortal (Chrono Boost)  
  61  5:19  Probe x2  
  65  5:23  Pylon  
  65  5:27  Assimilator  
  65  5:28  Sentry x2  
  69  5:31  Probe  
  70  5:41  Probe  
  70  5:42  Pylon  
  70  5:44  Stalker  
  71  6:03  Probe x2  
  71  6:09  Robotics Bay  
  71  6:16  Stalker x2  
  74  6:18  Probe  
  74  6:21  Probe  
  74  6:22  Warp Prism (Chrono Boost)  
  75  6:30  Probe  
  76  6:34  Pylon  
  76  6:40  Adept x2  
  76  6:45  Stalker  
  81  6:48  Pylon  
  81  6:51  Pylon  
  81  6:55  Disruptor (Chrono Boost)  
  83  7:04  Stalker  
  83  7:06  Stalker  
  81  7:29  Zealot  
  73  7:30  Zealot  
Show
View Real Time Build Order
Export as new Build Order

Trap Protoss - Winner!

Build Orders:  

Get SALT Encoding   

  12  0:00  Probe  
  13  0:12  Probe  
  14  0:18  Pylon  
  14  0:24  Probe (Chrono Boost)  
  15  0:36  Probe (Chrono Boost)  
  15  0:37  Gateway  
  16  0:45  Probe (Chrono Boost)  
  16  0:49  Assimilator  
  17  0:50  Probe  
  18  1:03  Probe  
  19  1:13  Gateway  
  19  1:16  Pylon  
  20  1:24  Cybernetics Core  
  19  1:27  Zealot (Chrono Boost)  
  19  1:30  Probe  
  22  1:42  Probe  
  23  1:49  Assimilator  
  25  1:55  Probe  
  25  2:00  Stalker  
  25  2:01  Stalker  
  28  2:08  Probe  
  29  2:09  Pylon  
  29  2:15  Warp Gate  
  29  2:20  Probe  
  30  2:33  Adept x2  
  34  2:57  Nexus  
  34  3:00  Probe  
  35  3:07  Sentry  
  35  3:08  Sentry  
  39  3:21  Probe  
  39  3:23  Pylon  
  38  3:33  Probe  
  39  3:36  Robotics Facility  
  39  3:41  Shield Battery  
  39  3:46  Probe (Chrono Boost)  
  40  3:55  Probe (Chrono Boost)  
  41  4:00  Twilight Council, Probe (Chrono Boost)  
  43  4:11  Probe (Chrono Boost)  
  43  4:12  Probe (Chrono Boost)  
  44  4:18  Probe (Chrono Boost)  
  44  4:19  Probe (Chrono Boost)  
  44  4:20  Warp Prism (Chrono Boost)  
  44  4:23  Probe (Chrono Boost)  
  48  4:27  Probe  
  50  4:33  Stalker  
  50  4:36  Probe  
  50  4:38  Shield Battery  
  53  4:39  Probe  
  53  4:44  Stalker  
  56  4:48  Probe  
  56  4:49  Blink (Chrono Boost)  
  56  4:51  Probe  
  58  5:00  Probe  
  58  5:03  Pylon x2  
  59  5:07  Assimilator  
  59  5:19  Immortal (Chrono Boost)  
  59  5:21  Probe  
  60  5:24  Gateway x2  
  60  5:25  Sentry  
  66  5:29  Gateway  
  66  5:33  Pylon  
  66  5:48  Immortal (Chrono Boost)  
  70  5:59  Stalker x2  
  70  6:01  Pylon  
  74  6:04  Pylon  
  74  6:05  Gateway  
  70  6:27  Stalker x3  
  70  6:28  Stalker x2  
  80  6:37  Observer  
  81  6:40  Nexus  
  81  6:58  Stalker  
  81  7:00  Stalker x4  
  91  7:04  Probe x2  

Tags
 
Add a new tag
Caveats
  • Supply blocks, unpowered buildings, or Contaminate may cause inaccurate times.
  • Supply counts are checked every 10 seconds.